 Seeded DCSS version 0.30.1-9-gdf580d7c3d (webtiles) character file.

Game seed: 20230925 (custom seed)

15728 Danienth the Protected (level 12, -15/160 HPs)
             Began as a Minotaur Fighter on Sept 25, 2023.
             Was a High Priest of Okawaru.
             Demolished by a freezing wraith (21 damage)
             ... on level 12 of the Dungeon.
             The game lasted 00:58:50 (11718 turns).

Danienth the Protected (Minotaur Fighter)          Turns: 11718, Time: 00:58:51

Health: -15/160    AC: 26    Str: 16 (19) XL:     12   Next: 3%
Magic:  12/12      EV:  2    Int:  6 (7)  God:    Okawaru [*****.]
Gold:   443        SH:  0    Dex: 10 (13) Spells: 2/13 levels left

rFire   . . .        W - +1 long sword (vamp)
rCold   . . .        c - +1 buckler
rNeg    . . .        B - melded +6 chain mail {rC+}
rPois   +            (helmet currently unavailable)
rElec   +            D - melded +0 cloak
rCorr   +            (gloves currently unavailable)
SInv    .            h - melded +1 pair of boots
Will    +....        d - amulet "Zupip" {Reflect rElec Will+ SH+5 Stlth+}
Stlth   ++           f - +5 ring of evasion
HPRegen 0.46/turn    G - ring of resist corrosion
MPRegen 0.13/turn

%: reflection
@: confused, tree-form, ambrosia-drunk, hasted and slowed, invisible
A: stationary, stasis, torment immunity, boosted hp, (horns 2), (retaliatory
headbutt), weak 1
a: Renounce Religion, Heroism, Finesse, Duel


You were on level 12 of the Dungeon.
You worshipped Okawaru.
Okawaru was extremely pleased with you.
You were a tree.
You visited 3 branches of the dungeon, and saw 14 of its levels.

You collected 638 gold pieces.
You spent 195 gold pieces at shops.

Inventory:

Hand Weapons
 a - a +0 war axe
 e - a +4 short sword of draining
 M - a +0 shortbow
 N - a +2 dagger of venom
 W - a +1 vampiric long sword (weapon)
Missiles
 s - 3 boomerangs
 I - 10 poisoned darts
 O - 2 atropa-tipped darts
 P - 3 javelins
 U - 3 silver boomerangs (quivered)
Armour
 b - a +0 scale mail
 c - a +1 buckler (worn)
 h - a +1 pair of boots (melded)
 j - +0 acid dragon scales
 t - a +0 troll leather armour
 x - a +2 scale mail of willpower
 B - a +6 chain mail of cold resistance (melded)
 D - a +0 cloak (melded)
 Y - the +1 robe "Pear" {rF- Int+7 Dex-2}
   (Okawaru gifted it to you on level 10 of the Dungeon)

   Int:       It affects your intelligence (+7).
   Dex:       It affects your dexterity (-2).
   rF:        It makes you vulnerable to fire.
Jewellery
 d - the amulet "Zupip" (around neck) {Reflect rElec Will+ SH+5 Stlth+}
   (You acquired it on level 12 of the Dungeon)

   [amulet of reflection]

   It reflects blocked missile attacks.
   rElec:     It insulates you from electricity.
   SH:        It affects your SH (+5).
   Will:      It increases your willpower.
   Stlth:     It makes you more stealthy.
 f - a +5 ring of evasion (left branch)
 i - a ring of wizardry
 w - an amulet of the acrobat
 F - a ring of positive energy
 G - a ring of resist corrosion (right branch)
 R - a +4 ring of protection
Wands
 k - a wand of roots (7)
 y - a wand of flame (12)
 C - a wand of digging (6)
 S - a wand of mindburst (11)
Scrolls
 l - 2 scrolls of blinking
 m - a scroll of silence
 r - 3 scrolls of poison
 u - a scroll of vulnerability {unknown}
 v - 2 scrolls of fog
 A - a scroll of fear
Potions
 g - a potion of berserk rage {unknown}
 n - 2 potions of curing
 o - a potion of lignification
 p - 4 potions of attraction
 H - 2 potions of magic
 K - 2 potions of flight
 V - a potion of degeneration
Miscellaneous
 X - a condenser vane


   Skills:
 * Level 10.4 Fighting
 - Level 10.9(11.1) Short Blades
 - Level 2.8(8.1) Long Blades
 - Level 3.0 Axes
 - Level 9.3 Throwing
 - Level 11.0 Armour
 * Level 9.5 Shields
 - Level 1.0 Spellcasting


You had 2 spell levels left.
You knew the following spells:

 Your Spells              Type           Power      Damage    Failure   Level
a - Ensorcelled Hibernat  Hex/Ice        0%         N/A       63%         2
b - Freeze                Ice            0%         1d3       47%         1
c - Frozen Ramparts       Ice            0%         1d1       85%         3
d - Hailstorm             Conj/Ice       0%         3d3       85%         3
e - Blink                 Tloc           0%         N/A       63%         2

Your spell library contained the following spells:

 Spells                   Type           Power      Damage    Failure   Level
 Sandblast                Erth           0%         2d4       47%         1
 Lesser Beckoning         Tloc           0%         N/A       63%         2
 Momentum Strike          Conj/Tloc      0%         3d8       63%         2
 Passwall                 Tmut/Erth      0%         N/A       63%         2
 Spider Form              Tmut/Pois      0%         N/A       85%         3
 Stone Arrow              Conj/Erth      0%         3d7       85%         3
 Anguish                  Hex/Necr       0%         N/A       99%         4


Dungeon Overview and Level Annotations

Branches:
Dungeon (12/15)            Temple (1/1) D:6            Lair (1/5) D:9
    Orc (0/2) D:9

Altars:
Ashenzari
Cheibriados
Dithmenos
Elyvilon
Fedhas
Hepliaklqana
Kikubaaqudgha
Makhleb
Nemelex Xobeh
Okawaru
Qazlal
Ru
Sif Muna
Trog
Uskayaw
Vehumet
Wu Jian
Xom
Yredelemnul
Zin
The Shining One

Shops:
D:4 [?[

Annotations:
D:12 soul19's ghost, journeyman DsFi


Innate Abilities, Weirdness & Mutations

You are a tree.
Your roots penetrate the ground, keeping you stationary.
You cannot be teleported.
You are immune to unholy pain and torment.
Your maximum health is greatly increased.
Your equipment is partially melded.
((You have a pair of horns on your head.))
((You reflexively headbutt those who attack you in melee.))
You are weak. (Str -2)


Message History

You writhe in agony.
* * * LOW HITPOINT WARNING * * *
The freezing wraith hits you.
* * * LOW HITPOINT WARNING * * *
The freezing wraith freezes you!
* * * LOW HITPOINT WARNING * * *
The freezing wraith hits you but does no damage.
You swing at nothing.
You feel less invigorated.
You feel less confused.
Soul19's ghost hits you but does no damage.
You writhe in agony.
* * * LOW HITPOINT WARNING * * *
The freezing wraith hits you but does no damage.
The freezing wraith hits you!
* * * LOW HITPOINT WARNING * * *
The freezing wraith drains your vigour!
You feel as though you will be slow longer.
It was a potion of degeneration.
There was something very wrong with that liquid.
You feel weakened.
You feel dopey.
You feel clumsy.
Soul19's ghost hits you but does no damage.
You writhe in agony.
* * * LOW HITPOINT WARNING * * *
You block the freezing wraith's attack.
The freezing wraith hits you but does no damage.
It was a potion of invisibility.
You fade into invisibility!
Soul19's ghost hits you but does no damage.
The freezing wraith hits you but does no damage.
The freezing wraith hits you.
* * * LOW HITPOINT WARNING * * *
You are confused.
You feel invigorated.
Soul19's ghost hits you but does no damage.
You writhe in agony.
* * * LOW HITPOINT WARNING * * *
The freezing wraith hits you.
* * * LOW HITPOINT WARNING * * *
The freezing wraith freezes you!!
You die...

......................#
########.............##
..## ##...........##
#..###########.######
##......######.#
#######......#.# #
######.#.####### #
#....W.....# #
#....W♣....# #####
#..........# ....#
#..........# ....#####
############ ........##
....###[.### .####
##...## ## ###..##
##..######


You could see a freezing wraith and soul19's ghost.

Vanquished Creatures
  3 boulder beetles (D:11)
  4 two-headed ogres
  A manticore (D:11)
  A black mamba (Lair:1)
  An unseen horror (D:11)
  2 cane toads (Lair:1)
  2 rime drakes (Lair:1)
  A komodo dragon (Lair:1)
  2 trolls
  Grinder (D:4)
  2 shadows (D:11)
  4 wraiths
  4 wyverns
  15 yaks
  Eustachio (D:6)
  A basilisk (Lair:1)
  3 vampire mosquitoes (D:12)
  A steam dragon (D:9)
  A warg (D:9)
  6 water moccasins
  An acid dragon (D:12)
  4 orc warriors
  2 black bears (D:5)
  2 ice beasts
  An ogre (D:4)
  A sky beast (D:6)
  3 centaurs
  A phantom (D:4)
  Blork the orc (D:4)
  4 bullfrogs (Lair:1)
  2 kobold brigands
  3 scorpions
  15 killer bees
  5 hounds
  6 orc priests
  2 jellies (D:6)
  2 sleepcaps
  Ijyb (D:4)
  Natasha (D:2)
  2 iguanas (D:6)
  4 orc wizards
  7 gnolls
  12 adders
  2 shadow imps
  2 white imps
  An ufetubus (D:7)
  3 worms
  6 dart slugs
  24 orcs
  4 ball pythons
  2 bats (D:1)
  3 endoplasms
  3 giant cockroaches
  11 goblins
  11 hobgoblins
  2 jackals (D:2)
  17 kobolds
  4 quokkas
  2 frilled lizards
  8 rats
243 creatures vanquished.

Notes
Turn   | Place    | Note
-------+----------+-------------------------------------------
     0 | D:1      | Danienth the Minotaur Fighter began the quest for the Orb.
     0 | D:1      | Reached XP level 1. HP: 19/19 MP: 0/0
    98 | D:1      | Reached XP level 2. HP: 27/27 MP: 1/1
   139 | D:1      | Reached skill level 4 in Armour
   353 | D:2      | Reached XP level 3. HP: 25/33 MP: 2/2
   447 | D:2      | You fall into a shaft and drop 1 floor!
   568 | D:3      | Reached skill level 1 in Short Blades
  1139 | D:2      | Noticed Natasha
  1148 | D:2      | Killed Natasha
  1149 | D:2      | Reached XP level 4. HP: 32/40 MP: 3/3
  1258 | D:2      | Reached skill level 1 in Spellcasting
  1302 | D:2      | Found a burning altar of Makhleb.
  1503 | D:3      | Found an iron altar of Okawaru.
  1510 | D:3      | Found a glowing silver altar of Zin.
  1511 | D:3      | Noticed an ice beast
  1550 | D:3      | Killed an ice beast
  1551 | D:3      | Reached XP level 5. HP: 47/47 MP: 5/5
  1561 | D:3      | Became a worshipper of Warmaster Okawaru
  1938 | D:4      | Reached XP level 6. HP: 55/55 MP: 6/6
  1939 | D:4      | Found Xorezoovia's Magic Scroll Emporium.
  2072 | D:4      | Found Nipnuamn's Armour Shop.
  2076 | D:4      | Noticed Ijyb
  2100 | D:4      | Killed Ijyb
  2101 | D:4      | Reached skill level 5 in Fighting
  2129 | D:4      | Noticed Blork the orc
  2137 | D:4      | Killed Blork the orc
  2188 | D:4      | Found a shimmering blue altar of Sif Muna.
  2220 | D:4      | Reached skill level 1 in Throwing
  2220 | D:4      | Reached skill level 5 in Armour
  2243 | D:4      | Reached * piety under Okawaru
  2244 | D:4      | Reached XP level 7. HP: 61/61 MP: 7/7
  2282 | D:4      | Found Uqink's Antique Armour Emporium.
  2293 | D:4      | Bought a shiny chain mail for 195 gold pieces
  2329 | D:4      | Noticed Grinder
  2340 | D:4      | Paralysed by Grinder for 5 turns
  2353 | D:4      | Paralysed by Grinder for 3 turns
  2358 | D:4      | Paralysed by Grinder for 4 turns
  2365 | D:4      | Killed Grinder
  2366 | D:4      | Reached skill level 5 in Short Blades
  2512 | D:4      | Found a white marble altar of Elyvilon.
  2959 | D:5      | Entered Level 5 of the Dungeon
  3037 | D:5      | Found an ancient bone altar of Kikubaaqudgha.
  3179 | D:6      | Reached skill level 5 in Shields
  3358 | D:6      | Reached XP level 8. HP: 70/70 MP: 8/8
  3368 | D:6      | Reached ** piety under Okawaru
  3435 | D:5      | Reached skill level 6 in Armour
  3486 | D:5      | Found a shimmering altar of Xom.
  3486 | D:5      | Found a sparkling altar of Nemelex Xobeh.
  3862 | D:6      | Found a staircase to the Ecumenical Temple.
  3888 | D:6      | Found a hazy altar of Hepliaklqana.
  3896 | Temple   | Entered the Ecumenical Temple
  4203 | D:7      | Reached *** piety under Okawaru
  4461 | D:7      | Found a blossoming altar of Fedhas.
  4852 | D:6      | Reached XP level 9. HP: 75/78 MP: 9/9
  4870 | D:6      | Reached skill level 7 in Armour
  4911 | D:6      | Noticed Eustachio
  4932 | D:6      | Killed Eustachio
  5315 | D:9      | Reached **** piety under Okawaru
  5345 | D:9      | Reached skill level 10 in Short Blades
  5363 | D:9      | Reached skill level 8 in Armour
  5588 | D:9      | Reached XP level 10. HP: 64/88 MP: 10/10
  5598 | D:9      | Received a gift from Okawaru
  5770 | D:9      | Found a staircase to the Lair.
  5820 | D:9      | Reached skill level 5 in Throwing
  5903 | D:9      | Noticed a two-headed ogre
  5915 | D:9      | Killed a two-headed ogre
  6112 | D:9      | Found a staircase to the Orcish Mines.
  6196 | D:9      | Found a broken altar of Ashenzari.
  6267 | D:9      | Reached ***** piety under Okawaru
  6538 | Lair:1   | Entered Level 1 of the Lair of Beasts
  6566 | Lair:1   | Noticed a black mamba
  6578 | Lair:1   | Killed a black mamba
  6902 | Lair:1   | Noticed a cane toad
  6913 | Lair:1   | Killed a cane toad
  6913 | Lair:1   | Received a gift from Okawaru
  7295 | Lair:1   | Received a gift from Okawaru
  7466 | Lair:1   | Noticed a cane toad
  7479 | Lair:1   | Killed a cane toad
  7480 | Lair:1   | Reached XP level 11. HP: 89/97 MP: 11/11
  7805 | D:10     | Entered Level 10 of the Dungeon
  8018 | D:10     | Reached skill level 9 in Armour
  8092 | D:10     | Identified the +1 robe "Pear" {rF- Int+7 Dex-2} (Okawaru
                  | gifted it to you on level 10 of the Dungeon)
  8092 | D:10     | Received a gift from Okawaru
  8097 | D:10     | Learned a level 2 spell: Ensorcelled Hibernation
  8099 | D:10     | Learned a level 1 spell: Freeze
  8103 | D:10     | Learned a level 3 spell: Frozen Ramparts
  8107 | D:10     | Learned a level 3 spell: Hailstorm
  8237 | D:10     | Found a sacrificial altar of Ru.
  8618 | D:11     | Noticed a boulder beetle
  8662 | D:11     | Killed a boulder beetle
  8663 | D:11     | Reached skill level 1 in Long Blades
  8921 | D:12     | Learned a level 2 spell: Blink
  9128 | D:12     | Found a runed translucent gate.
  9139 | D:12     | Found a runed translucent gate.
  9211 | D:12     | Found a runed translucent gate.
  9211 | D:12     | Noticed soul19's ghost (journeyman DsFi)
  9267 | D:12     | Gained mutation: You are occasionally teleported next to
                  | monsters. [potion of mutation]
  9267 | D:12     | Gained mutation: Your spells are a little easier to cast,
                  | but a little less powerful. [potion of mutation]
  9339 | D:11     | Noticed a two-headed ogre
  9345 | D:11     | Noticed a boulder beetle
  9359 | D:11     | Killed a two-headed ogre
  9395 | D:11     | Killed a boulder beetle
  9396 | D:11     | Reached skill level 10 in Fighting
  9396 | D:11     | Reached skill level 10 in Armour
  9541 | D:11     | Noticed a boulder beetle
  9550 | D:11     | Killed a boulder beetle
  9764 | D:11     | Received a gift from Okawaru
 10535 | D:11     | Noticed a two-headed ogre
 10550 | D:11     | Killed a two-headed ogre
 10624 | D:11     | Noticed a two-headed ogre
 10637 | D:11     | Killed a two-headed ogre
 10637 | D:11     | Received a gift from Okawaru
 11335 | D:12     | Reached skill level 11 in Armour
 11338 | D:12     | Reached XP level 12. HP: 79/107 MP: 12/12
 11363 | D:12     | Lost mutation: Your spells are a little easier to cast, but
                  | a little less powerful. [potion of mutation]
 11363 | D:12     | Lost mutation: You are occasionally teleported next to
                  | monsters. [potion of mutation]
 11363 | D:12     | Gained mutation: You are weak. (Str -2) [potion of
                  | mutation]
 11598 | D:12     | Identified a scroll of acquirement
 11598 | D:12     | Acquired the amulet "Zupip" {Reflect rElec Will+ SH+5
                  | Stlth+}
 11715 | D:12     | HP: 8/160 [freezing wraith (8)]
 11716 | D:12     | HP: 3/160 [soul19's ghost (5)]
 11718 | D:12     | Demolished by a freezing wraith

Illustrated notes

Levels and vault maps discovered:
D:1:      nzn_arrival_water_spiral, layout_rooms, minmay_cut_off
D:2:      layout_loops_cross, basic_altar, minmay_joined_circles, uniq_natasha
D:3:      layout_basic, jmf_multi_god_temple
D:4:      kennysheep_the_goblin_king, layout_loops_corners,
          lemuel_blue_sif_altar, elyvilon_altar_5, serial_shops,
          nicolae_shop_tiny_statue_garden, shop,
          nicolae_shop_temple_entry_statues_fountains, uniq_grinder,
          uniq_blork_the_orc
D:5:      layout_loops_corners, nicolae_overflow_hidden_temple,
          nicolae_overflow_squiral
D:6:      layout_loops_corners, nzn_hepliaklqana_mist_gate,
          minmay_temple_entry_proselytizer, minmay_misc_feat_roman,
          uniq_eustachio
D:7:      layout_loops_ring, kennysheep_mini, kennysheep_generic_room_14
D:8:      minmay_tri_box, layout_gridville, nicolae_overflow_crystal_walls,
          serial_shops, shop, uniq_maurice, uniq_joseph
D:9:      layout_irregular_city, ashenzari_conservatory_becter,
          minmay_lair_entry_grove, erik_orc_4, minmay_fractal_squares_gapless_5
D:10:     layout_irregular_city, kennysheep_little_box
D:11:     layout_loops_ring, kennysheep_generic_room_10
D:12:     layout_rooms, gammafunk_ghost_spectres
Temple:   nicolae_temple_ecumenical_triangle
Lair:1:   layout_cave_pods

Skill      XL: |  1  2  3  4  5  6  7  8  9 10 11 |
---------------+----------------------------------+-----
Armour         | 4 5 6 8 11 | 11.0
Fighting       | 4 5 6 8 9 10 | 10.4
Shields        | 4 5 6 7 9 |  9.5
Short Blades   | 1 3 4 6 8 10 | 10.9
Spellcasting   | 1 |  1.0
Throwing       | 1 2 3 4 8 9 |  9.3
Long Blades    | 2 |  2.8
Axes           | 3 |  3.0

Action                     |  1- 3 |  4- 6 |  7- 9 | 10-12 || total
---------------------------+-------+-------+-------+-------++-------
  Melee: Short sword       |    75 |   114 |   283 |   457 ||   929
         War axe           |     5 |       |       |    26 ||    31
         Headbutt          |    12 |    23 |    60 |   121 ||   216
         Long sword        |       |       |       |    30 ||    30
         Dagger            |       |       |       |     3 ||     3
  Throw: Dart              |       |       |    14 |    36 ||    50
         Boomerang         |       |       |    19 |    20 ||    39
         Stone             |       |       |       |     5 ||     5
         Javelin           |       |       |       |     4 ||     4
 Invoke: Heroism           |       |       |       |     8 ||     8
  Evoke: Wand              |       |       |       |     1 ||     1
    Use: Scroll            |     1 |     1 |    11 |    19 ||    32
         Potion            |       |       |     2 |    18 ||    20
 Armour: Scale mail        |    31 |    19 |       |       ||    50
         Chain mail        |       |       |    85 |   158 ||   243
         Skin              |       |       |       |    21 ||    21
  Dodge: Dodged            |    38 |    56 |    84 |   215 ||   393
  Block: Buckler           |    19 |    17 |    52 |   126 ||   214
